Match 42702988
Unlisted

Match 42702988
End
Kradschützen Motorcycle Team
Selects Italian Combined Arms Battlegroup
Selects Bersaglieri Squad
Bersaglieri Squad
250 Light Carrier
Construct Light Support Kompanie
MG34 Team
Fire Support Elements
Combat Half-tracks
Bersaglieri Squad
MG34 Team
Pak 38 Anti-tank Gun Team
Selects Semovente da 75/18 Assault Gun
2.5-tonne Medical Truck
Selects Carro Armato M13/40 Light Tank
Carro Armato M13/40 Light Tank
Carro Armato M13/40 Light Tank
Construct Panzerarmee Kommand
Armored Reserves
Emergency Repair Kits
Selects Artillery Cover
Artillery Cover
Fajolada
Gianstef95
0
0

Comments sign in to comment!

No comments posted yet!